Map: Ulrena

Players

snsdYURI

  • Race: Terran Terran
  • League: Platinum

LilDicky - Winner!

  • Race: Terran Terran
  • League: Diamond

VOD

http://www.twitch.tv/tumescentpie

Description

Time

  • Played on: Jan. 3, 2016, 12:21 a.m.
  • Length: 5:37
Show
View Real Time Build Order
Export as new Build Order

snsdYURI Terran 

Build Orders:  

Get SALT Encoding   

  12  0:02  SCV  
  13  0:14  SCV  
  14  0:21  Supply Depot  
  15  0:28  SCV  
  15  0:43  SCV  
  15  0:45  Barracks  
  16  0:51  Refinery  
  16  0:53  Refinery  
  16  0:55  SCV  
  17  1:08  SCV  
  18  1:24  SCV  
  19  1:32  Marine  
  20  1:36  Orbital Command  
  20  1:42  Factory  
  20  1:51  Supply Depot  
  20  1:56  Barracks Tech Lab  
  20  2:02  SCV  
  21  2:17  SCV  
  22  2:30  SCV  
  22  2:34  Siege Tank  
  26  2:40  Command Center  
  26  2:45  SCV, Supply Depot  
  27  2:57  SCV  
  28  3:09  Siege Tank  
  31  3:21  SCV  
  31  3:25  Armory  
  32  3:27  Armory  
  32  3:30  Engineering Bay  
  32  3:33  SCV  
  33  3:45  SCV  
  33  3:46  Hellion  
  36  3:52  Orbital Command  
  36  3:57  SCV  
  36  3:59  Missile Turret  
  37  4:04  Missile Turret  
  37  4:16  SCV  
  38  4:24  Siege Tank  
  41  4:33  SCV  
  42  5:00  Cyclone  
  43  5:12  SCV  
Show
View Real Time Build Order
Export as new Build Order

LilDicky Terran - Winner!

Build Orders: Liberator Opening 

Get SALT Encoding   

  12  0:01  SCV  
  13  0:13  SCV  
  14  0:17  Supply Depot  
  14  0:25  SCV  
  15  0:29  Refinery  
  15  0:39  SCV  
  16  0:45  Barracks  
  16  0:53  SCV  
  17  1:05  SCV  
  18  1:17  SCV  
  19  1:32  Marine  
  20  1:35  Supply Depot  
  20  1:37  Orbital Command  
  20  1:40  Refinery  
  20  1:50  Marine  
  21  2:02  Factory  
  21  2:04  SCV  
  21  2:08  Marine  
  23  2:16  SCV  
  24  2:24  Supply Depot  
  24  2:26  Marine  
  24  2:28  SCV  
  26  2:40  SCV  
  27  2:46  Factory Tech Lab  
  27  2:50  Starport  
  27  2:53  Marine  
  27  2:57  SCV  
  29  3:06  Supply Depot, Siege Tank  
  29  3:09  SCV  
  29  3:11  Marine  
  34  3:15  Liberator  
  34  3:21  SCV  
  35  3:27  Engineering Bay  
  35  3:33  SCV  
  39  3:34  Supply Depot  
  39  3:36  Marine  
  39  3:38  Siege Tank  
  43  3:45  SCV  
  44  3:50  Supply Depot  
  44  3:57  SCV  
  44  4:00  Missile Turret  
  44  4:02  Marine  
  47  4:10  SCV  
  47  4:14  Siege Tank  
  50  4:17  Viking  
  50  4:20  Marine  
  53  4:30  SCV  
  54  4:32  Supply Depot  
  54  4:47  Viking  
  54  4:48  Missile Turret  
  54  4:51  Barracks  
  56  4:56  Marine  
  56  4:57  Siege Tank  
  54  5:12  SCV  
  55  5:14  Marine  
Tags
 
Add a new tag
Caveats
  • Supply blocks, unpowered buildings, or Contaminate may cause inaccurate times.
  • Supply counts are checked every 10 seconds.